AoeStats
← [H A R D] FEELINGS

Arena

505069588Analyzed
4v4 RM · 24d ago on Sep 7, 2026· 52m 0s· 8 players
Game mode
Random Map
Map size
Large (8 player)
Population
200
Speed
Normal
Resources
Standard
Victory
Conquest
Starting age
Dark Age
Ending age
Imperial Age
RankedLock teamsTeams togetherTeam positionsShared explorationLock speedFull tech treeHidden civsTurbo modeCheats
Victory
Defeat
🇨🇭 Malians · Switzerland
1169
+13
🇨🇭 Hindustanis · Switzerland
1138
+14
🇨🇭 Ethiopians · Switzerland
1104
+16
🇨🇭 Malians · Switzerland
1100
+17
🇺🇸 Britons · United States
1125
-16
🇩🇪 Bohemians · Germany
1104
-15
🇦🇷 Sicilians · Argentina
1100
-15
🇧🇷 Franks · Brazil
1074
-14
1. d4
9:44 Feudal Age
10:12 Loom
14:13 Castle Age
15:36 Horse Collar
18:50 Fletching
19:29 Double-Bit Axe
24:12 Padded Archer Armor
26:09 Ballistics
26:36 Bodkin Arrow
28:28 Leather Archer Armor
29:26 Wheelbarrow
32:34 Yeomen
32:54 Hand Cart
38:08 Imperial Age
40:32 Chemistry
40:43 Bracer
41:13 Ring Archer Armor
40:40 Crossbowman
41:22 Arbalester
42:54 Conscription
46:01 Man-at-Arms
46:26 Gambesons
46:42 Squires
47:31 Long Swordsman
48:20 Two-Handed Swordsman
49:01 Gold Mining
50:05 Forging
49:55 Scale Mail Armor
49:57 Heavy Plow
50:11 Bow Saw
50:05 Champion
51:58 Iron Casting
Jota
8:42 Loom
11:20 Feudal Age
12:18 Loom
15:20 Castle Age
22:04 Fletching
24:29 Double-Bit Axe
29:56 Imperial Age
28:43 Gold Mining
28:46 Horse Collar
Kotstulle
10:23 Feudal Age
11:28 Horse Collar
11:35 Double-Bit Axe
12:29 Wheelbarrow
17:18 Castle Age
15:37 Loom
20:07 Hand Cart
22:38 Bow Saw
22:37 Heavy Plow
30:04 Imperial Age
27:04 Pikeman
27:47 Scale Mail Armor
27:57 Forging
29:44 Chemistry
28:55 Fortified Wall
28:43 Fletching
29:24 Squires
29:10 Arson
29:41 Chain Mail Armor
29:45 Town Watch
30:36 Masonry
30:58 Halberdier
32:59 Plate Mail Armor
32:26 Bodkin Arrow
33:36 Conscription
35:47 Houfnice
38:32 Iron Casting
37:58 Bracer
39:02 Padded Archer Armor
42:13 Architecture
42:20 Leather Archer Armor
43:06 Blast Furnace
43:38 Wagenburg Tactics
45:25 Hussite Reforms
45:55 Ring Archer Armor
46:29 Ballistics
46:26 Elite Skirmisher
51:26 Two-Man Saw
VAPO
9:25 Loom
11:11 Feudal Age
16:14 Castle Age
15:53 Double-Bit Axe
18:14 Husbandry
21:43 Gold Mining
23:00 Wheelbarrow
30:34 Imperial Age
29:19 Gold Shaft Mining
29:43 Scale Barding Armor
30:39 Forging
31:09 Bow Saw
31:05 Cavalier
32:59 Chain Barding Armor
34:38 Iron Casting
36:45 Plate Barding Armor
37:11 Blast Furnace
37:02 Paladin
39:06 Conscription
44:55 Caravan
46:29 Hand Cart
[H A R D] wiealtesBROT
12:05 Feudal Age
13:30 Double-Bit Axe
16:11 Castle Age
14:25 Horse Collar
16:01 Scale Mail Armor
16:11 Forging
16:10 Gold Mining
16:48 Loom
19:02 Heavy Plow
20:09 Bow Saw
24:47 Wheelbarrow
26:00 Chain Mail Armor
27:58 Hand Cart
28:00 Forging
28:13 Squires
28:06 Arson
33:00 Imperial Age
31:25 Gold Shaft Mining
33:07 Iron Casting
32:22 Fletching
32:34 Stone Mining
34:06 Conscription
34:20 Plate Mail Armor
36:39 Fletching
37:22 Crop Rotation
38:35 Pikeman
39:19 Town Watch
40:59 Elite Gbeto
46:34 Hoardings
[H A R D] FEELINGS
9:24 Loom
11:09 Feudal Age
15:31 Castle Age
13:29 Double-Bit Axe
14:12 Horse Collar
15:12 Gold Mining
16:58 Stone Mining
17:21 Bow Saw
20:02 Heavy Plow
20:00 Stone Mining
21:52 Stone Shaft Mining
25:09 Wheelbarrow
25:10 Gold Shaft Mining
28:28 Imperial Age
25:59 Fletching
26:14 Scale Barding Armor
26:40 Forging
26:46 Bodkin Arrow
27:26 Bloodlines
27:16 Husbandry
27:57 Hand Cart
28:24 Chain Barding Armor
29:41 Iron Casting
29:24 Bracer
30:53 Two-Man Saw
30:50 Plate Barding Armor
31:30 Conscription
32:15 Blast Furnace
31:55 Heavy Camel Rider
34:40 Imperial Camel Rider
36:03 Padded Archer Armor
36:16 Elite Skirmisher
37:01 Thumb Ring
37:37 Ballistics
38:18 Chemistry
39:06 Masonry
39:52 Leather Archer Armor
43:57 Ring Archer Armor
51:38 Light Cavalry
[H A R D] est
11:39 Feudal Age
13:24 Double-Bit Axe
15:42 Castle Age
15:53 Crossbowman
17:29 Fletching
21:36 Bow Saw
22:32 Bodkin Arrow
23:15 Loom
27:04 Horse Collar
29:13 Ballistics
29:35 Padded Archer Armor
30:26 Thumb Ring
31:47 Padded Archer Armor
35:53 Imperial Age
36:50 Arbalester
41:04 Capped Ram
42:32 Gold Mining
43:20 Wheelbarrow
43:47 Two-Man Saw
42:49 Heavy Plow
43:05 Siege Ram
45:47 Bracer
46:03 Leather Archer Armor
46:52 Chemistry
51:41 Ring Archer Armor
[H A R D] AF
11:12 Feudal Age
15:34 Castle Age
14:10 Double-Bit Axe
14:07 Horse Collar
15:43 Town Watch
18:42 Fortified Wall
20:02 Gold Mining
21:19 Heavy Plow
25:55 Imperial Age
23:23 Loom
24:52 Fletching
25:03 Padded Archer Armor
25:47 Ballistics
27:41 Chemistry
27:02 Leather Archer Armor
26:43 Bodkin Arrow
29:12 Bow Saw
30:44 Ring Archer Armor
29:40 Elite Skirmisher
31:35 Masonry
32:52 Crop Rotation
40:26 Wheelbarrow
39:51 Town Patrol
52:37 Hand Cart
Connection lost

Rejoining the realm…

Still unreachable

The connection could not be restored.

Session expired

The server has moved on; the page needs a fresh start.